AoeStats
← Seeker

Black Forest

510148013Analyzed
4v4 RM · 3d ago on Sep 29, 2026· 59m 11s· 8 players
Game mode
Random Map
Map size
Large (8 player)
Population
200
Speed
Normal
Resources
Standard
Victory
Conquest
Starting age
Dark Age
Ending age
Imperial Age
RankedLock teamsTeams togetherTeam positionsShared explorationLock speedFull tech treeHidden civsTurbo modeCheats
Victory
Defeat
🇺🇸 Romans · United States
940
+12
🇺🇸 Danes · United States
910
+13
🇸🇰 Vietnamese · Slovakia
873
+15
🇩🇪 Ethiopians · Germany
860
+16
🇷🇺 Gurjaras · Russia
853
-14
🇷🇺 Lithuanians · Russia
851
-14
🇷🇺 Spanish · Russia
851
-14
🇷🇺 Byzantines · Russia
851
-14
tomcica
11:31 Loom
14:20 Feudal Age
15:34 Double-Bit Axe
22:24 Horse Collar
24:57 Castle Age
23:38 Fletching
23:49 Padded Archer Armor
23:52 Gold Mining
23:53 Stone Mining
26:53 Elite Skirmisher
33:03 Thumb Ring
33:13 Heavy Plow
33:26 Bow Saw
34:06 Wheelbarrow
33:17 Town Watch
34:47 Hand Cart
34:35 Town Patrol
35:04 Ballistics
34:48 Guard Tower
35:48 Bodkin Arrow
38:32 Imperial Age
36:47 Ballistics
36:23 Murder Holes
36:08 Treadmill Crane
37:45 Leather Archer Armor
37:49 Crossbowman
39:53 Keep
39:04 Arrowslits
40:22 Chemistry
39:28 Siege Engineers
39:35 Masonry
39:38 Bracer
39:38 Arbalester
41:12 Paper Money
42:03 Fortified Wall
43:02 Hoardings
44:14 Ring Archer Armor
43:38 Imperial Skirmisher
Kassiber
4:30 Loom
5:37 Loom
13:58 Feudal Age
17:32 Wheelbarrow
17:55 Double-Bit Axe
20:34 Castle Age
18:22 Horse Collar
19:30 Stone Mining
20:07 Fletching
21:44 Bow Saw
21:37 Heavy Plow
22:35 Hand Cart
23:10 Bodkin Arrow
23:59 Stone Shaft Mining
30:24 Gold Mining
31:41 Gold Shaft Mining
31:01 Guard Tower
31:50 Ballistics
32:48 Murder Holes
35:52 Imperial Age
34:58 Caravan
36:07 Fortified Wall
37:00 Torsion Engines
37:21 Conscription
38:07 Chemistry
37:43 Keep
36:59 Heated Shot
37:12 Crossbowman
37:57 Thumb Ring
37:18 Halberdier
37:58 Squires
38:02 Bracer
38:03 Padded Archer Armor
39:06 Masonry
39:02 Siege Engineers
38:20 Arbalester
38:20 Elite Skirmisher
39:18 Royal Heirs
41:09 Forging
41:15 Leather Archer Armor
41:01 Scale Mail Armor
42:17 Architecture
42:52 Two-Man Saw
41:36 Elite Shotel Warrior
42:17 Arson
43:26 Ring Archer Armor
43:31 Iron Casting
43:52 Chain Mail Armor
43:43 Scale Barding Armor
43:04 Imperial Skirmisher
51:58 Plate Mail Armor
52:28 Blast Furnace
略微出手已是段位极限
11:19 Feudal Age
12:00 Double-Bit Axe
12:15 Loom
20:14 Wheelbarrow
20:00 Gold Mining
21:09 Town Watch
24:43 Castle Age
24:44 Stone Mining
24:41 Fishing Lines
26:58 Bow Saw
27:54 Horse Collar
30:05 Heavy Plow
35:07 Imperial Age
32:59 Hand Cart
33:44 Gold Shaft Mining
35:08 Caravan
34:36 Hamask
35:19 Squires
35:04 Gambesons
35:05 Arson
35:32 Forging
35:22 Scale Mail Armor
35:34 Gillnets
36:36 Ballistics
36:13 Murder Holes
36:28 Masonry
37:06 Iron Casting
37:15 Siege Engineers
37:30 Chain Mail Armor
36:37 Elite Varangian Guard
38:43 Conscription
39:52 Chemistry
39:37 Plate Mail Armor
40:07 Blast Furnace
38:58 Fletching
44:26 Northmen's Fury
46:17 Bodkin Arrow
48:19 Hoardings
47:10 Onager
50:25 Elite Jomsviking
54:18 Bracer
chunzman
17:49 Feudal Age
17:51 Loom
18:36 Double-Bit Axe
20:09 Horse Collar
25:12 Castle Age
27:28 Bow Saw
27:43 Gold Mining
30:19 Wheelbarrow
29:58 Town Watch
30:10 Stone Mining
30:34 Fletching
32:31 Ballistics
32:35 Heavy Plow
34:48 Hand Cart
36:15 Gold Shaft Mining
39:35 Imperial Age
38:06 Bodkin Arrow
38:13 Padded Archer Armor
38:42 Caravan
39:26 Masonry
40:40 Town Patrol
42:22 Chemistry
41:43 Leather Archer Armor
41:39 Heavy Scorpion
42:09 Fishing Lines
44:35 Ring Archer Armor
44:33 Conscription
44:28 Ballistas
45:37 Architecture
45:16 Siege Engineers
45:42 Architecture
50:00 Forging
50:30 Comitatenses
51:30 Elite Centurion
55:17 Iron Casting
54:47 Scale Barding Armor
58:14 Blast Furnace
57:35 Chain Barding Armor
IvanD
3:39 Loom
16:56 Feudal Age
18:41 Wheelbarrow
18:01 Gold Mining
17:58 Double-Bit Axe
19:23 Stone Mining
21:15 Horse Collar
24:31 Castle Age
25:06 Fishing Lines
25:47 Caravan
26:24 Bow Saw
26:17 Heavy Plow
26:11 Gillnets
27:01 Gold Shaft Mining
27:01 Stone Shaft Mining
26:45 Hand Cart
28:18 Town Watch
28:17 Treadmill Crane
32:38 Imperial Age
30:31 Fervor
31:18 Ballistics
31:01 Scale Mail Armor
31:12 Forging
32:27 Town Patrol
34:10 Chain Mail Armor
34:31 Iron Casting
33:46 Fletching
35:04 Chemistry
34:02 Murder Holes
34:42 Crop Rotation
35:47 Coinage
35:57 Plate Mail Armor
35:32 Scale Barding Armor
35:28 Padded Archer Armor
36:35 Conscription
37:09 Kshatriyas
37:13 Elite Chakram Thrower
38:09 Masonry
38:49 Banking
39:56 Architecture
40:15 Frontier Guards
40:29 Devotion
43:06 Bodkin Arrow
43:32 Chain Barding Armor
43:27 Leather Archer Armor
43:15 Heavy Camel Rider
43:58 Husbandry
45:00 Elite Shrivamsha Rider
57:48 Bloodlines
56:59 Light Cavalry
57:49 Hussar
Guardian of Tirisfal
0:31 Loom
12:17 Feudal Age
12:43 Double-Bit Axe
12:42 Horse Collar
22:12 Castle Age
21:55 Fletching
23:42 Wheelbarrow
24:02 Bow Saw
24:37 Squires
25:28 Hand Cart
26:15 Caravan
27:45 Heavy Plow
30:38 Imperial Age
29:54 Gambesons
29:55 Arson
30:15 Scale Mail Armor
30:26 Forging
30:23 Guard Tower
30:45 Fortified Wall
30:51 Man-at-Arms
30:51 Pikeman
32:46 Chemistry
33:21 Elite Skirmisher
34:07 Thumb Ring
35:25 Bombard Tower
38:49 Bodkin Arrow
38:54 Padded Archer Armor
39:37 Long Swordsman
39:38 Halberdier
39:38 Elite Varangian Guard
42:32 Two-Handed Swordsman
44:03 Iron Casting
43:43 Chain Mail Armor
43:34 Scale Barding Armor
43:44 Leather Archer Armor
43:30 Bracer
44:10 Elite Cataphract
44:26 Champion
45:17 Bracer
45:32 Leather Archer Armor
47:50 Plate Mail Armor
49:16 Ballistics
51:42 Husbandry
51:03 Light Cavalry
53:11 Ring Archer Armor
53:11 Plate Mail Armor
53:02 Chain Barding Armor
52:16 Hussar
Shram
0:34 Loom
13:41 Feudal Age
14:35 Horse Collar
14:56 Double-Bit Axe
16:06 Wheelbarrow
16:30 Town Watch
17:53 Bloodlines
23:33 Fletching
23:56 Forging
23:47 Scale Mail Armor
25:14 Gold Mining
25:14 Stone Mining
29:45 Castle Age
29:58 Fishing Lines
30:34 Heavy Plow
30:30 Gillnets
31:03 Hand Cart
32:02 Bow Saw
32:08 Husbandry
32:16 Light Cavalry
34:11 Iron Casting
33:57 Caravan
34:20 Town Patrol
35:24 Stone Shaft Mining
37:55 Ballistics
37:18 Treadmill Crane
41:22 Imperial Age
41:08 Scale Barding Armor
41:19 Chain Mail Armor
41:41 Fortified Wall
43:06 Chemistry
41:30 Winged Hussar
41:33 Elite Leitis
42:34 Conscription
43:26 Crop Rotation
44:01 Two-Man Saw
45:48 Chain Barding Armor
Seeker
0:28 Loom
17:38 Feudal Age
19:21 Feudal Age
20:04 Double-Bit Axe
20:02 Horse Collar
22:17 Forging
24:24 Fletching
32:34 Castle Age
31:54 Gold Mining
31:56 Stone Mining
34:13 Bow Saw
34:07 Caravan
37:52 Stone Shaft Mining
37:21 Heavy Plow
38:25 Bodkin Arrow
44:16 Imperial Age
41:57 Padded Archer Armor
42:59 Wheelbarrow
43:59 Iron Casting
44:01 Light Cavalry
44:52 Bloodlines
44:42 Husbandry
46:35 Elite Skirmisher
48:49 Two-Man Saw
47:40 Sappers
48:32 Conscription
50:33 Man-at-Arms
51:00 Gambesons
51:15 Squires
50:36 Pikeman
51:02 Arson
52:15 Long Swordsman
56:17 Chemistry
Connection lost

Rejoining the realm…

Still unreachable

The connection could not be restored.

Session expired

The server has moved on; the page needs a fresh start.